 Dungeon Crawl Stone Soup version 0.28.0-53-g5a82cb258f (webtiles) character file.

Game seed: 16305646042713795161

499 nickcage the Slasher (level 6, 0/47 HPs)
             Began as a Demonspawn Abyssal Knight on May 24, 2022.
             Was a Believer of Lugonu.
             Slain by an ogre
             ... wielding a +0 giant club
              (7 damage)
             ... on level 5 of the Dungeon.
             The game lasted 00:10:33 (4000 turns).

nickcage the Slasher (Demonspawn Abyssal Knight)    Turns: 4000, Time: 00:10:34

Health: 0/47       AC:  8    Str: 16    XL:     6   Next: 94%
Magic:  0/7        EV: 14    Int: 11    God:    Lugonu [**....]
Gold:   195        SH:  0    Dex: 13    Spells: 5/5 levels left

rFire   . . .      SeeInvis .   a - +1 falchion
rCold   . . .      Faith    .   (no shield)
rNeg    . . .      Spirit   +   c - +0 swamp dragon scales
rPois   +          Reflect  .   (no helmet)
rElec   .          Harm     .   (no cloak)
rCorr   .          Rampage  .   (no gloves)
Will    +....                   (no boots)
Stlth   +.........              j - amulet of guardian spirit
HPRegen 0.15/turn               m - +4 ring of evasion
MPRegen 0.10/turn               s - ring of willpower

@: no status effects
A: powered by death 3, weakness stinger 1
a: Renounce Religion, Depart the Abyss, Bend Space


You were on level 5 of the Dungeon.
You worshipped Lugonu.
Lugonu was pleased with you.
You visited 1 branch of the dungeon, and saw 5 of its levels.
You visited the Abyss 1 time.

You collected 195 gold pieces.

Inventory:

Hand Weapons
 a - a +1 falchion (weapon)
Missiles
 k - 2 curare-tipped darts (quivered)
Armour
 b - a +0 leather armour
 c - +0 swamp dragon scales (worn)
 n - a +0 chain mail
Jewellery
 j - an amulet of guardian spirit (around neck)
 m - a +4 ring of evasion (left hand)
 s - a ring of willpower (right hand)
 t - a ring of magical power
Wands
 i - a wand of paralysis (4)
 q - a wand of acid (8)
 u - a wand of mindburst (13)
Scrolls
 p - a scroll of identify
Potions
 d - a potion of flight
 e - 2 potions of haste
 f - 2 potions of lignification
 g - a potion of curing {unknown}
 h - 2 potions of brilliance {unknown}
 l - a potion of heal wounds {unknown}
 o - 3 potions of attraction {unknown}
 r - a potion of mutation {unknown}
 v - 3 potions of invisibility {unknown}


   Skills:
 - Level 3.0 Fighting
 + Level 5.5 Long Blades
 - Level 0.4 Throwing
 + Level 4.3 Armour
 - Level 0.8 Dodging
 - Level 2.4 Invocations


You had 5 spell levels left.
You didn't know any spells.
Your spell library contained the following spells:

 Spells                   Type           Power      Damage    Failure   Level
 Fireball                 Conj/Fire      0%         3d3       100%        5
 Starburst                Conj/Fire      0%         6d3       100%        6
 Ignition                 Fire           0%         3d3       100%        8


Dungeon Overview and Level Annotations

Branches:
Dungeon (5/15)             Temple (0/1) D:4

Altars:
Ashenzari
Trog
Yredelemnul

Annotations:
D:5 Ijyb


Innate Abilities, Weirdness & Mutations

You regenerate a lot of health from kills.
You have a small tail.


Message History

You enter the shallow water.
Moving in this stuff is going to be slow.
You enter the shallow water.
Moving in this stuff is going to be slow.
You enter the shallow water.
Moving in this stuff is going to be slow.
An ogre comes into view. It is wielding a +0 giant club.
The ogre shouts!
You hear a bark!
The ogre completely misses you.
You hit the ogre.
The ogre is moderately wounded.
You barely miss the ogre.
The ogre is moderately wounded.
The ogre misses you.
You hit the ogre.
The ogre is heavily wounded.
The ogre closely misses you.
You barely miss the ogre.
The ogre is heavily wounded.
The ogre hits you with a +0 giant club!
You hit the ogre.
The ogre is heavily wounded.
You closely miss the ogre.
The ogre is heavily wounded.
The ogre barely misses you.
You hit the ogre.
The ogre is severely wounded.
The ogre hits you with a +0 giant club!
You are too injured to fight recklessly!
You are too injured to fight recklessly!
You are too injured to fight recklessly!
You are too injured to fight recklessly!
You hit the ogre. You tail-slap the ogre.
The ogre is almost dead.
The ogre hits you with a +0 giant club!!
* * * LOW HITPOINT WARNING * * *
You closely miss the ogre.
The ogre is almost dead.
The ogre hits you with a +0 giant club!
You die...

##≈.†...≈≈##.#.#
##≈≈≈≈≈≈..#.#
#########..#.#
##≈.≈≈≈≈≈≈≈≈#
#≈..≈...≈..##
#.≈#########
#.##
#.#########.###
#......@O......
##.#####.......
#.# ....... #.#
#.#.... #.# .#
##. #.# .# #.# #
#.#


You could see an ogre.

Vanquished Creatures
  A necrophage (D:4)
  2 ogres
  A water moccasin skeleton (D:5)
  A gnoll shaman (D:3)
  A howler monkey skeleton (D:5)
  7 gnolls
  2 adders
  2 dart slugs
  3 worms
  An orc (D:5)
  4 ball pythons
  5 endoplasms
  8 giant cockroaches
  10 goblins
  5 hobgoblins
  4 quokkas
  6 bats
  3 frilled lizards
  8 kobolds
  5 rats
79 creatures vanquished.

Vanquished Creatures (others)
  A kobold (D:4)
1 creature vanquished.

Grand Total: 80 creatures vanquished

Notes
Turn   | Place    | Note
-------+----------+-------------------------------------------
     0 | Abyss:1  | nickcage the Demonspawn Abyssal Knight began the quest for
                  | the Orb.
     0 | Abyss:1  | Reached XP level 1. HP: 18/18 MP: 2/2
     0 | D:1      | Escaped the Abyss
   288 | D:1      | Reached skill level 2 in Long Blades
   290 | D:1      | Reached * piety under Lugonu
   698 | D:1      | Gained mutation: You regenerate a little health from kills.
                  | [demonic ancestry]
   698 | D:1      | Reached XP level 2. HP: 24/24 MP: 3/3
  1061 | D:2      | Gained mutation: You regenerate health from kills. [demonic
                  | ancestry]
  1061 | D:2      | Reached XP level 3. HP: 20/29 MP: 4/4
  1665 | D:2      | Reached skill level 3 in Long Blades
  1828 | D:3      | You fall into a shaft and drop 2 floors!
  1828 | D:5      | Entered Level 5 of the Dungeon
  1846 | D:5      | Noticed an ogre
  1870 | D:5      | Killed an ogre
  1871 | D:5      | Gained mutation: You have a small tail. [demonic ancestry]
  1871 | D:5      | Reached XP level 4. HP: 29/35 MP: 5/5
  2075 | D:3      | Reached skill level 4 in Long Blades
  2075 | D:3      | Gained mutation: You regenerate a lot of health from kills.
                  | [demonic ancestry]
  2075 | D:3      | Reached XP level 5. HP: 41/41 MP: 6/6
  2100 | D:3      | Found a faded altar of an unknown god.
  2715 | D:4      | Reached ** piety under Lugonu
  2768 | D:4      | Noticed a necrophage
  2788 | D:4      | Killed a necrophage
  2789 | D:4      | Reached XP level 6. HP: 41/47 MP: 5/7
  2853 | D:4      | Found a bloodstained altar of Trog.
  2908 | D:4      | Reached skill level 5 in Long Blades
  2993 | D:4      | Found a staircase to the Ecumenical Temple.
  3347 | D:4      | Found a runed translucent door.
  3347 | D:4      | Noticed a human
  3349 | D:4      | Found a basalt altar of Yredelemnul.
  3651 | D:5      | Noticed Ijyb
  3775 | D:5      | Found a broken altar of Ashenzari.
  4000 | D:5      | Slain by an ogre

Illustrated notes

Levels and vault maps discovered:
D:1:      psy_arrival_fountain, layout_basic
D:2:      layout_loops_ring
D:3:      layout_rooms, shapermc_ecumenical_altar_mp_highgroup, serial_aquarium,
          aquarium_bridge_square [aquarium_subvault_bridge,
          aquarium_subvault_bridge, aquarium_subvault_window,
          aquarium_subvault_window], aquarium_window_2,
          aquarium_window_corridor_3, aquarium_window_fake,
          aquarium_window_fake, aquarium_view_2d, aquarium_pool_S
D:4:      layout_loops_ring, dk_yredelemnul_ordeal, bloody_trog,
          minmay_temple_entry_glassed_door, serial_forest,
          infiniplex_forest_clump_small, infiniplex_forest_end_3,
          infiniplex_forest_lined_3, infiniplex_forest_lined_room_,
          infiniplex_forest_straight_2, infiniplex_forest_end_2,
          infiniplex_forest_lined_room_2, kennysheep_generic_room_4
D:5:      layout_basic, ashenzari_conservatory_becter, gup_sewer_entry_pipe,
          minmay_misc_feat_x, minmay_circle_x, uniq_ijyb, uniq_edmund

Skill      XL: |  1  2  3  4  5  6 |
---------------+-------------------+-----
Armour         | 2 3 4 |  4.3
Long Blades    | 2 3 4 5 |  5.5
Fighting       | |  3.0
Throwing       | |  0.4
Dodging        | |  0.8
Invocations    | |  2.4

Action                   |  1- 3 |  4- 6 || total
-------------------------+-------+-------++-------
Melee: Falchion          |   103 |   180 ||   283
       Punch             |     1 |     3 ||     4
       Tailslap          |       |    18 ||    18
Throw: Dart              |     3 |     3 ||     6
Invok: Depart the Abyss  |     1 |       ||     1
  Use: Scroll            |     1 |     6 ||     7
       Potion            |       |     2 ||     2
Armor: Swamp dragon scal |    47 |    75 ||   122
Dodge: Dodged            |    55 |   145 ||   200
